 Dungeon Crawl Stone Soup version 0.31-a0-986-g5e6e4ef867 (webtiles) character file.

Game seed: 4135777293842420416

3320 sammy202020 the Fighter (level 9, -13/82 HPs)
             Began as a Minotaur Fighter on Nov 22, 2023.
             Was an Initiate of Gozag.
             Mangled by a two-headed ogre
             ... wielding a +0 giant club
              (25 damage)
             ... on level 8 of the Dungeon.
             The game lasted 00:10:58 (7131 turns).

sammy202020 the Fighter (Minotaur Fighter)          Turns: 7131, Time: 00:10:58

Health: -13/82     AC: 15    Str: 22    XL:     9   Next: 71%
Magic:  8/8        EV:  7    Int: 15    God:    Gozag
Gold:   814        SH:  6    Dex:  9    Spells: 8/8 levels left

rFire   . . .        a - +1 war axe
rCold   . . .        c - +1 buckler
rNeg    . . .        s - +0 plate armour
rPois   .            (helmet restricted)
rElec   .            (no cloak)
rCorr   .            p - +0 pair of gloves
SInv    .            (no boots)
Will    +....        o - amulet of the acrobat Stlth
                     k - +6 ring of intelligence
HPRegen 0.33/turn    l - ring of willpower
MPRegen 0.11/turn

%: acrobat
@: invisible
A: horns 2, retaliatory headbutt
a: Renounce Religion, Potion Petition, Call Merchant, Bribe Branch


You were on level 8 of the Dungeon.
You worshipped Gozag.
Gozag was pleased with you.
You visited 1 branch of the dungeon, and saw 8 of its levels.

You collected 910 gold pieces.
You paid 96 gold pieces to Gozag.

Inventory:

Hand Weapons
 a - a +1 war axe (weapon)
 w - a +3 morningstar of freezing
Missiles
 m - 3 javelins
 n - 2 throwing nets
 t - 8 boomerangs (quivered)
 u - 5 poisoned darts
Armour
 c - a +1 buckler (worn)
 p - a +0 pair of gloves (worn)
 s - a +0 plate armour (worn)
Jewellery
 k - a +6 ring of intelligence (left hand)
 l - a ring of willpower (right hand)
 o - an amulet of the acrobat (around neck)
Wands
 e - a wand of mindburst (23)
 v - a wand of charming (15)
Scrolls
 f - a scroll of enchant armour
 j - a scroll of revelation
 q - 2 scrolls of teleportation
Potions
 g - a potion of brilliance


   Skills:
 * Level 8.6 Fighting
 * Level 8.1 Axes
 * Level 8.5 Armour
 + Level 5.0 Dodging
 * Level 8.5 Shields


You had 8 spell levels left.
You didn't know any spells.
Your spell library contained the following spells:

 Spells                   Type           Power      Damage    Failure   Level
 Magic Dart               Conj           0%         1d3       99%         1
 Call Imp                 Summ           0%         N/A       100%        2
 Sublimation of Blood     Necr           0%         N/A       100%        2
 Wereblood                Tmut           0%         N/A       100%        2
 Dazzling Flash           Conj/Hex       0%         N/A       100%        3
 Mephitic Cloud           Conj/Pois/Air  0%         N/A       100%        3
 Agony                    Necr           0%         N/A       100%        5
 Silence                  Hex/Air        0%         N/A       100%        5
 Summon Hydra             Summ           0%         N/A       100%        7


Dungeon Overview and Level Annotations

Branches:
Dungeon (8/15)             Temple (0/1) D:7
   Lair: D:8-11

Altars:
Cheibriados
Elyvilon
Gozag
Kikubaaqudgha
Makhleb
Qazlal
Sif Muna
Uskayaw
Wu Jian


Innate Abilities, Weirdness & Mutations

You have a pair of horns on your head.
You reflexively headbutt those who attack you in melee.


Message History

Okay, then.
You completely miss the two-headed ogre.
You fade into invisibility!
The two-headed ogre hits you with a +0 giant club!
The two-headed ogre hits you with a +0 great mace.
You slash the two-headed ogre!
The two-headed ogre is moderately wounded.
The two-headed ogre closely misses you. You block the two-headed ogre's attack.
You hit the two-headed ogre.
The two-headed ogre is moderately wounded.
You hit the two-headed ogre.
The two-headed ogre is heavily wounded.
You block the two-headed ogre's attack.
The two-headed ogre hits you with a +0 great mace!
* * * LOW HITPOINT WARNING * * *
The kobold brigand throws a curare-tipped dart.
You block the curare-tipped dart.
You slash the two-headed ogre!
The two-headed ogre is heavily wounded.
The two-headed ogre hits you with a +0 giant club!
* * * LOW HITPOINT WARNING * * *
The two-headed ogre barely misses you.
You hit the two-headed ogre.
The two-headed ogre is heavily wounded.
You slash the kobold brigand! You block the two-headed ogre's attack.
The two-headed ogre closely misses you.
A magic dart appears from out of thin air!
The magic dart hits the kobold brigand!
The kobold brigand hits you but does no damage.
You hit the two-headed ogre.
The two-headed ogre is severely wounded.
You hit the kobold brigand.
The kobold brigand hits you but does no damage.
The gnoll sergeant hits you but does no damage.
You hit the two-headed ogre. You headbutt the two-headed ogre.
The two-headed ogre is severely wounded.
You closely miss the kobold brigand.
The two-headed ogre hits you with a +0 giant club!!
You die...
Your body crumbles into a pile of gold.

#....~≈≈≈≈≈≈≈≈≈≈≈≈≈~≈≈≈~....~≈≈
P...~~~~≈~~~~~~~$~$~~~~....~~~
..............$..$...........
###.....########$......#####
##...## ##......## ##.###
##.......# #..# ##g..#.....#
##..# ##OK###...##.# ##...##
##.@## #...# ## #.....####...##
#...# #.###.......# #...# #.#
###....## ...# #.# ##..## #.#
##.#### #.# ##....#### #.#
#......... #.# #..####...


You could see a two-headed ogre (unable to see you), a kobold brigand (unable to
see you) and a gnoll sergeant (unable to see you).

Vanquished Creatures
  Sigmund (D:3)
  Menkaure (D:6)
  2 water moccasins
  A sky beast (D:7)
  3 orc warriors
  2 ice beasts (D:6)
  A hornet zombie (D:7)
  Blork the orc (D:5)
  A kobold brigand (D:7)
  A bullfrog (D:7)
  2 gnoll sergeants
  3 scorpions
  A wyvern zombie (D:7)
  10 wights
  4 howler monkeys
  3 bullfrog zombies (D:7)
  2 centaur zombies (D:7)
  2 orc priests
  A gnoll bouda (D:7)
  2 hounds
  3 jellies
  3 orc wizards
  3 iguanas
  A sleepcap (D:7)
  Natasha (D:2)
  A howler monkey zombie (D:7)
  19 gnolls
  6 adders
  A shadow imp (D:5)
  2 white imps
  4 ufetubi (D:6)
  18 orcs
  2 ball pythons
  6 endoplasms
  3 giant cockroaches (D:5)
  3 goblins
  5 hobgoblins
  3 jackals (D:2)
  10 kobolds
  7 quokkas
  5 bats
  3 frilled lizards
  3 rats (D:1)
156 creatures vanquished.

Notes
Turn   | Place    | Note
-------+----------+-------------------------------------------
     0 | D:1      | sammy202020 the Minotaur Fighter began the quest for the
                  | Orb.
     0 | D:1      | Reached XP level 1. HP: 19/19 MP: 0/0
   304 | D:1      | Reached XP level 2. HP: 27/27 MP: 1/1
   384 | D:1      | Found a faded altar of an unknown god.
  1151 | D:2      | Reached XP level 3. HP: 33/33 MP: 2/2
  1248 | D:2      | Noticed Natasha
  1256 | D:2      | Killed Natasha
  1257 | D:2      | Reached skill level 1 in Dodging
  1529 | D:3      | Reached XP level 4. HP: 40/40 MP: 3/3
  1890 | D:3      | Noticed Sigmund
  1906 | D:3      | Killed Sigmund
  1907 | D:3      | Reached XP level 5. HP: 5/47 MP: 4/4
  2181 | D:4      | Reached skill level 5 in Fighting
  2185 | D:4      | Reached XP level 6. HP: 45/56 MP: 5/5
  2263 | D:4      | Reached skill level 5 in Armour
  2263 | D:4      | Reached skill level 5 in Shields
  2323 | D:4      | Found an ancient bone altar of Kikubaaqudgha.
  2372 | D:4      | Found a white marble altar of Elyvilon.
  2730 | D:5      | Entered Level 5 of the Dungeon
  2845 | D:5      | Found a shimmering blue altar of Sif Muna.
  2859 | D:5      | Found an opulent altar of Gozag.
  2863 | D:5      | Became a worshipper of Gozag Ym Sagoz the Greedy
  2869 | D:5      | Found a stormy altar of Qazlal.
  2879 | D:5      | Found a hide-covered altar of Uskayaw.
  2944 | D:5      | Noticed Blork the orc
  2952 | D:5      | Killed Blork the orc
  3267 | D:5      | Reached XP level 7. HP: 49/61 MP: 6/6
  3465 | D:5      | Found a snail-covered altar of Cheibriados.
  3466 | D:5      | Found an ornate altar of the Wu Jian Council.
  3477 | D:5      | Reached skill level 5 in Axes
  3769 | D:5      | Identified the staff of Erurph {rElec rC+ Air}
  4072 | D:6      | Reached XP level 8. HP: 20/71 MP: 7/7
  4567 | D:6      | Noticed Menkaure
  4578 | D:6      | Killed Menkaure
  5393 | D:7      | Reached XP level 9. HP: 46/79 MP: 8/8
  5955 | D:7      | Found a burning altar of Makhleb.
  6435 | D:7      | Found a staircase to the Ecumenical Temple.
  6768 | D:7      | Reached skill level 5 in Dodging
  7108 | D:8      | Noticed a two-headed ogre
  7131 | D:8      | Mangled by a two-headed ogre

Illustrated notes

Levels and vault maps discovered:
D:1:      tarquinn_simple_flora_water_b, layout_basic,
          chequers_ecumenical_altar_lobes, palyth_stone_intersect,
          minmay_tripent
D:2:      layout_basic, uniq_natasha
D:3:      layout_rooms, uniq_sigmund
D:4:      layout_basic, kiku_gazebo_garden_becter, mainiacjoe_overflow_chevrons,
          serial_glass, glass_columns_c, glass_columns_a, glass_columns_a,
          glass_columns_c, glass_columns_b, glass_columns_b, glass_columns_b,
          glass_columns_a, glass_columns_c, glass_columns_b,
          minmay_misc_feat_roman, minivault_26
D:5:      nicolae_cairo_tiling, layout_basic, mainiacjoe_overflow_divided_tiny,
          grunt_temple_overflow_cloverleaf, gup_sewer_entry_bubbles,
          chequers_serial_rivers_micro_c, item_on_display_b, uniq_blork_the_orc
D:6:      layout_rooms, minmay_misc_feat_secret_circle, uniq_menkaure
D:7:      layout_loops_corners, lightli_temple_of_fire,
          minmay_temple_entry_large_hall, serial_undead, serial_undead_e,
          serial_undead_d, serial_undead_f, serial_undead_d, serial_undead_a,
          serial_undead_c, grunt_ministairs_9, serial_park_tiny_1
D:8:      lemuel_castle_with_subvaults [lemuel_castle_interior_carwin_2],
          layout_layer_cave, okawaru_trees_1

Skill      XL: |  1  2  3  4  5  6  7  8  9 |
---------------+----------------------------+-----
Fighting       | 4 5 6 7 8 |  8.6
Shields        | 4 5 6 7 8 |  8.5
Axes           | 3 4 5 7 8 |  8.1
Armour         | 4 5 6 7 8 |  8.5
Dodging        | 1 2 3 4 5 |  5.0

Action                     |  1- 3 |  4- 6 |  7- 9 || total
---------------------------+-------+-------+-------++-------
  Melee: War axe           |    62 |    92 |   292 ||   446
         Headbutt          |     5 |    13 |    40 ||    58
  Throw: Javelin           |       |       |     3 ||     3
         Boomerang         |       |       |    20 ||    20
    Use: Scroll            |     5 |       |     3 ||     8
         Potion            |     1 |       |     8 ||     9
   Stab: Invisible         |     1 |       |       ||     1
         Distracted        |       |       |     2 ||     2
 Armour: Scale mail        |    37 |    68 |    98 ||   203
         Plate armour      |       |       |   146 ||   146
  Dodge: Dodged            |    31 |    43 |   143 ||   217
  Block: Buckler           |    11 |    24 |   107 ||   142

Table legend: (Time is in decaauts)
 A = Elapsed time spent in this place.
 B = Non-inter-level travel time spent in this place.
 C = Inter-level travel time spent in this place.
 D = Time resting spent in this place.
 E = Time spent auto-exploring this place.
 F = Levels seen in this place.
 G = Mean time per level.
                   A        B        C        D        E       F      G
               +--------+--------+--------+--------+--------+-----+--------+
         Total |   7295 |   7143 |    152 |    446 |   5379 |   8 |  911.9 |
       Dungeon |   7295 |   7143 |    152 |    446 |   5379 |   8 |  911.9 |
               +--------+--------+--------+--------+--------+-----+--------+

Top non-repeatable levels by time:
     D:7: 1815 daAuts
     D:5: 1345 daAuts
     D:6: 1223 daAuts
     D:1: 1067 daAuts
     D:4: 629 daAuts
     D:3: 626 daAuts
     D:2: 460 daAuts
     D:8: 126 daAuts
